 Dungeon Crawl Stone Soup version 0.26.0-10-g1f06aea511 (webtiles) character file.

Game seed: 12309529187408115854

36 polelong the Firebug (level 3, -2/26 HPs)
             Began as a Draconian Fire Elementalist on Jan 24, 2021.
             Killed from afar by Natasha (3 damage)
             ... with a magic dart
             ... on level 2 of the Dungeon.
             The game lasted 00:06:37 (1230 turns).

polelong the Firebug (Draconian Fire Elementalist)  Turns: 1230, Time: 00:06:38

Health: -2/26      AC:  5    Str: 10    XL:     3   Next: 19%
Magic:  1/6        EV: 12    Int: 16    God:
Gold:   71         SH:  0    Dex: 11    Spells: 2/6 levels left

rFire    + . .     SeeInvis .   c - +1 dagger (speed)
rCold    . . .     Faith    .   (no shield)
rNeg     . . .     Spirit   .   (armour unavailable)
rPois    .         Reflect  .   (helmet restricted)
rElec    .         Harm     .   (no cloak)
rCorr    .         Rampage  .   (no gloves)
Will     .....                  (no boots)
Stlth    ++........             (no amulet)
HPRegen  0.08/turn              i - ring of protection from fire
MPRegen  0.10/turn              (no ring)

@: slowed, very slow
A: unfitting armour, cold-blooded, AC +5
a: no special abilities


You were on level 2 of the Dungeon.
You visited 1 branch of the dungeon, and saw 2 of its levels.

You collected 71 gold pieces.

Inventory:

Hand Weapons
 c - a +1 dagger of speed (weapon)
Jewellery
 i - a ring of protection from fire (left hand)
Scrolls
 d - a scroll of enchant weapon
 e - a scroll of teleportation {unknown}
 f - a scroll of identify {unknown}
 h - a scroll of amnesia {unknown}
Potions
 a - a potion of mutation {unknown}
 b - 2 potions of attraction {unknown}
 g - a potion of invisibility {unknown}
 j - a potion of might {unknown}


   Skills:
 + Level 1.8 Dodging
 + Level 1.9 Stealth
 + Level 2.4 Spellcasting
 + Level 1.2 Conjurations
 + Level 3.8 Fire Magic


You had 2 spell levels left.
You knew the following spells:

 Your Spells              Type           Power        Failure   Level
a - Foxfire               Conj/Fire      40%          7%          1
b - Inner Flame           Hex/Fire       8%           26%         3

Your spell library contained the following spells:

 Spells                   Type           Power        Failure   Level
 Conjure Flame            Conj/Fire      10%          22%         3
 Sticky Flame             Conj/Fire      10%          56%         4
 Fireball                 Conj/Fire      5%           89%         5


Dungeon Overview and Level Annotations

Branches:
Dungeon (2/15)

Altars:
Fedhas

Annotations:
D:2 Natasha


Innate Abilities, Weirdness & Mutations

Your plain brown scales are hard. (AC +5)
You cannot fit into any form of body armour.
You are cold-blooded and may be slowed by cold attacks.


Message History

You feel yourself slow down.
Casting: Foxfire (safe; 7% risk of failure)
Confirm with . or Enter, or press ? or * to list all spells.
You don't have enough magic to cast that spell.
Natasha casts a spell.
The crimson imp blinks! x2
Natasha claws you but does no damage. Natasha casts a spell at you.
You resist with significant effort.
The crimson imp disappears in a puff of smoke!
Natasha claws you.
* * * LOW HITPOINT WARNING * * *
As you read the scroll labelled KUFODD OLEZXEY, it crumbles to dust.
It is a scroll of enchant weapon.
Your +0 dagger of speed glows red for a moment.
Natasha closely misses you. Natasha claws you.
* * * LOW HITPOINT WARNING * * *
Natasha stares at you and mumbles some strange words.
The magic dart hits you.
You die...

..####
#.#.....5.....(...# .
#.#######...)....## #.#
#5..###### ..# ###...###
### #.......# #5#...#.#
##.#...#.# ####.h...##.#
#....@......#
#.##...###..#
###.#.........####
#................#
#.#.#.(....#.###.#
#.#.##.......###.## ###
#>#........####..<###.##
#.########.####...(..#.#
##.#####.......#...###.##


You could see Natasha and a white imp (summoned).

Vanquished Creatures
  An adder (D:2)
  A worm (D:2)
  A dart slug (D:2)
  2 hobgoblins
  3 kobolds
  A ball python (D:2)
  4 bats
  5 goblins
  5 rats
23 creatures vanquished.

Vanquished Creatures (others)
  60 foxfires
60 creatures vanquished.

Grand Total: 83 creatures vanquished

Notes
Turn   | Place    | Note
-------+----------+-------------------------------------------
     0 | D:1      | polelong the Draconian Fire Elementalist began the quest
                  | for the Orb.
     0 | D:1      | Reached XP level 1. HP: 14/14 MP: 3/3
   152 | D:1      | Reached XP level 2. HP: 20/20 MP: 1/5
   987 | D:2      | Reached XP level 3. HP: 12/26 MP: 0/6
   992 | D:2      | Found a blossoming altar of Fedhas.
  1190 | D:2      | Noticed Natasha
  1196 | D:2      | Learned a level 3 spell: Inner Flame
  1229 | D:2      | HP: 1/26 [Natasha (3)]
  1230 | D:2      | Killed from afar by Natasha

Illustrated notes

Levels and vault maps discovered:
D:1:      lightli_arrival_isolated_outpost, layout_basic
D:2:      layout_loops_cross, chequers_temple_overflow_statue_of_worship,
          fedhas_altar_2, uniq_natasha

Action                   || total
-------------------------++-------
Melee: Unarmed           ||     1
       Dagger            ||    22
       Tailslap          ||     4
 Cast: Foxfire           ||    39
       Inner Flame       ||     1
  Use: Scroll            ||     1
Armor: Skin              ||     7
Dodge: Dodged            ||    17
